 Dungeon Crawl Stone Soup version 0.29-a0-994-gc5c9f59d18 (webtiles) character file.

Game seed: 13991108535211069053

28 vurker the Ducker (level 2, -2/24 HPs)
             Began as a Minotaur Enchanter on Aug 3, 2022.
             Was an Initiate of Gozag.
             Slain by Sigmund
             ... wielding a +0 scythe
              (10 damage)
             ... on level 2 of the Dungeon.
             The game lasted 00:01:42 (1230 turns).

vurker the Ducker (Minotaur Enchanter)              Turns: 1230, Time: 00:01:43

Health: -2/24      AC:  4    Str: 12    XL:     2   Next: 96%
Magic:  3/3        EV: 12    Int: 12    God:    Gozag
Gold:   175        SH:  0    Dex: 10    Spells: 3/3 levels left

rFire   . . .      SeeInvis .   a - +1 dagger
rCold   . . .      Faith    .   (no shield)
rNeg    . . .      Spirit   .   b - +0 robe
rPois   .          Reflect  .   (helmet restricted)
rElec   .          Harm     .   (no cloak)
rCorr   .          Rampage  .   g - +1 pair of gloves
Will    +....                   (no boots)
Stlth   ++........              (no amulet)
HPRegen 0.08/turn               h - ring of willpower
MPRegen 0.08/turn               (no ring)

@: no status effects
A: horns 2, retaliatory headbutt
a: Renounce Religion, Potion Petition, Call Merchant, Bribe Branch


You were on level 2 of the Dungeon.
You worshipped Gozag.
Gozag was aware of your devotion.
You visited 1 branch of the dungeon, and saw 2 of its levels.

You collected 175 gold pieces.

Inventory:

Hand Weapons
 a - a +1 dagger (weapon)
Armour
 b - a +0 robe (worn)
 g - a +1 pair of gloves (worn)
   (You found it on level 1 of the Dungeon)
Jewellery
 h - a ring of willpower (left hand)
   (You found it on level 1 of the Dungeon)
Potions
 c - 2 potions of invisibility
 d - a potion of attraction {unknown}
 f - a potion of might {unknown}
 i - a potion of curing {unknown}


   Skills:
 * Level 2.2 Fighting
 - Level 1.1 Short Blades
 + Level 1.3 Armour
 + Level 2.6 Dodging
 - Level 2.4 Stealth
 - Level 1.3 Spellcasting
 - Level 2.0 Hexes


You had 3 spell levels left.
You didn't know any spells.
Your spell library contained the following spells:

 Spells                   Type           Power      Damage    Failure   Level
 Ensorcelled Hibernation  Hex/Ice        6%         N/A       28%         2
 Confusing Touch          Hex            5%         N/A       36%         3
 Tukima's Dance           Hex            5%         N/A       36%         3
 Dazzling Flash           Conj/Hex       6%         N/A       50%         3


Dungeon Overview and Level Annotations

Branches:
Dungeon (2/15)

Altars:
Gozag

Shops:
D:1 =

Annotations:
D:2 Sigmund


Innate Abilities, Weirdness & Mutations

You have a pair of horns on your head.
You reflexively headbutt those who attack you in melee.


Message History

You climb downwards.
Found a sling.
Found a stone staircase leading up.
There is a stone staircase leading up here.
Sigmund is nearby!
Sigmund shouts!
Sigmund hits you from afar with a +0 scythe.
You hit Sigmund.
Sigmund mumbles some strange words.
Sigmund flickers and vanishes!
Deactivating autopickup; reactivate with Ctrl-A.
No target in view!
No target in view!
You aren't carrying any items that you can evoke.
You barely miss something.
You hear some strange, mumbled words.
Something tries to affect you, but you resist.
Unknown command.
You miss something. Something hits you.
You barely miss something. Your headbutt misses something.
You closely miss something. Something hits you!
* * * LOW HITPOINT WARNING * * *
Something hits you.
* * * LOW HITPOINT WARNING * * *
There is a stone staircase leading up here.
You hear some strange, mumbled words.
Something tries to affect you, but you resist.
You climb upwards.
Reactivating autopickup.
There is a stone staircase leading down here.
You start resting.
You climb downwards.
Level annotation: Sigmund Sigmund casts a spell at you.
The magic dart hits you.
There is a stone staircase leading up here.
Sigmund barely misses you.
You hit Sigmund. Sigmund barely misses you.
You completely miss Sigmund.
Sigmund points at you and mumbles some strange words.
The magic dart hits you!
* * * LOW HITPOINT WARNING * * *
You hit Sigmund. Sigmund barely misses you. You furiously retaliate!
You headbutt Sigmund. You hit Sigmund but do no damage.
Your headbutt misses Sigmund. You barely miss Sigmund.
Sigmund hits you with a +0 scythe!
You die...
Your body crumbles into a pile of gold.

# #. ##
... .#
.###.#.
.##
.......
..
...#.#.#
.....
#.@##
#.@.#
##.##
#<#
#..<..#
####).#
.# #


You could see Sigmund.

Vanquished Creatures
  A gnoll (D:1)
  4 ball pythons (D:1)
  An endoplasm (D:1)
  A giant cockroach (D:1)
  2 hobgoblins (D:1)
  4 jackals (D:1)
  A bat (D:1)
  2 kobolds (D:1)
  A rat (D:1)
17 creatures vanquished.

Notes
Turn   | Place    | Note
-------+----------+-------------------------------------------
     0 | D:1      | vurker the Minotaur Enchanter began the quest for the Orb.
     0 | D:1      | Reached XP level 1. HP: 14/14 MP: 1/1
    47 | D:1      | Found a faded altar of an unknown god.
    84 | D:1      | Prayed at the altar of an unknown god.
    84 | D:1      | Became a worshipper of Gozag Ym Sagoz the Greedy
   161 | D:1      | Reached skill level 1 in Fighting
   174 | D:1      | Reached XP level 2. HP: 3/23 MP: 3/3
   522 | D:1      | Reached skill level 1 in Armour
   743 | D:1      | Found Tobaise's Jewellery Boutique.
   987 | D:2      | Noticed Sigmund
  1230 | D:2      | Slain by Sigmund

Illustrated notes

Levels and vault maps discovered:
D:1:      wander_arrival_estate, layout_rooms, serial_shops, shop,
          shapermc_ecumenical_altar_notcrosses, item_on_display_a
D:2:      kennysheep_the_goblin_king, layout_loops_ring, basic_altar,
          uniq_sigmund

Skill      XL: |  1  2 |
---------------+-------+-----
Fighting       | 1 2 |  2.2
Armour         | 1 |  1.3
Short Blades   | |  1.1
Dodging        | |  2.6
Stealth        | |  2.4
Spellcasting   | |  1.3
Hexes          | |  2.0

Action                   || total
-------------------------++-------
Melee: Dagger            ||    48
       Headbutt          ||     6
       Punch             ||     1
  Use: Scroll            ||     2
 Stab: Sleeping          ||     2
Armor: Robe              ||     7
Dodge: Dodged            ||    30

Table legend: (Time is in decaauts)
 A = Elapsed time spent in this place.
 B = Non-inter-level travel time spent in this place.
 C = Inter-level travel time spent in this place.
 D = Time resting spent in this place.
 E = Time spent auto-exploring this place.
 F = Levels seen in this place.
 G = Mean time per level.
                   A        B        C        D        E       F      G
               +--------+--------+--------+--------+--------+-----+--------+
         Total |   1227 |   1206 |     21 |    223 |    771 |   2 |  613.5 |
       Dungeon |   1227 |   1206 |     21 |    223 |    771 |   2 |  613.5 |
               +--------+--------+--------+--------+--------+-----+--------+

Top non-repeatable levels by time:
     D:1: 1209 daAuts
     D:2: 17 daAuts
